Map: Néo-Gettysburg EC

Players

Eekone - Winner!

  • Race: Zerg Zerg
  • League: Diamond

Worming

  • Race: Zerg Zerg
  • League: Diamond

VOD

Have the link to the VOD?

Description

Time

  • Played on: July 17, 2016, 6:38 a.m.
  • Length: 4:10
Show
View Real Time Build Order
Export as new Build Order

Eekone Zerg - Winner!

Build Orders: Hatch First 

Get SALT Encoding   

  12  0:01  Drone  
  13  0:13  Overlord  
  13  0:19  Drone  
  14  0:31  Drone x2  
  14  0:35  Drone  
  17  0:46  Drone  
  18  0:57  Hatchery  
  18  1:01  Drone  
  18  1:04  Extractor  
  18  1:11  Drone  
  18  1:20  Spawning Pool  
  17  1:27  Drone  
  17  1:30  Drone  
  19  1:40  Overlord  
  19  1:51  Drone  
  20  2:03  Drone  
  20  2:07  Queen, Metabolic Boost  
  23  2:10  Zergling x2  
  23  2:14  Queen  
  26  2:22  Drone x2  
  28  2:25  Drone  
  29  2:30  Zergling x2  
  29  2:34  Baneling Nest  
  29  2:36  Zergling x2  
  30  2:42  Overlord  
  30  3:12  Zergling x10  
  35  3:14  Zergling x2  
  35  3:17  Zergling x6  
  39  3:29  Baneling x2  
  39  3:30  Baneling x2  
  39  3:31  Baneling, Zergling x2  
  39  3:32  Drone  
  39  3:33  Drone x2  
  43  3:38  Extractor  
  43  3:41  Drone, Overlord  
  42  3:42  Roach Warren  
  42  3:46  Zergling x2  
  42  3:47  Zergling x2  
Show
View Real Time Build Order
Export as new Build Order

Worming Zerg 

Build Orders: Hatch First 

Get SALT Encoding   

  12  0:01  Drone  
  13  0:14  Overlord  
  13  0:18  Drone  
  14  0:32  Drone x2  
  16  0:37  Drone  
  17  0:53  Hatchery  
  17  0:56  Drone  
  17  1:00  Extractor  
  17  1:01  Drone  
  17  1:17  Spawning Pool  
  16  1:19  Drone  
  17  1:28  Drone  
  18  1:47  Overlord  
  18  2:03  Queen  
  18  2:04  Zergling x2  
  18  2:05  Zergling x2  
  18  2:06  Queen  
  18  2:08  Metabolic Boost  
  24  2:19  Drone x3  
  24  2:21  Drone  
  28  2:39  Drone x4  
  28  2:42  Queen  
  34  2:48  Overlord  
  34  3:07  Drone x3  
  37  3:15  Drone x7  
  37  3:16  Overlord  
  44  3:34  Evolution Chamber  
  43  3:41  Extractor  
  43  3:42  Extractor  
  41  3:52  Zergling x2  
  41  3:53  Zergling x10  
Tags
 
Add a new tag
Caveats
  • Supply blocks, unpowered buildings, or Contaminate may cause inaccurate times.
  • Supply counts are checked every 10 seconds.